 Dungeon Crawl Stone Soup version 0.28.0-53-g5a82cb258f (webtiles) character file.

Game seed: 8520962607353780852

1069 Zeld the Thaumaturge (level 8, 0/41 HPs)
             Began as a Deep Elf Fire Elementalist on May 22, 2022.
             Slain by a centaur zombie (4 damage)
             ... in an ossuary.
             The game lasted 00:04:48 (5540 turns).

Zeld the Thaumaturge (Deep Elf Fire Elementalist)   Turns: 5540, Time: 00:04:48

Health: 0/41       AC:  5    Str:  4 (5)  XL:     8   Next: 7%
Magic:  4/26       EV: 12    Int: 20 (23) God:
Gold:   208        SH:  0    Dex: 13 (15) Spells: 25/31 levels left

rFire   . . .      SeeInvis .   (no weapon)
rCold   . . .      Faith    .   (no shield)
rNeg    . . .      Spirit   .   a - +0 robe
rPois   .          Reflect  .   i - +0 helmet
rElec   .          Harm     .   o - +0 cloak
rCorr   .          Rampage  .   g - +0 pair of gloves
Will    +....                   (no boots)
Stlth   ++........              (no amulet)
HPRegen 0.13/turn               (no ring)
MPRegen 0.20/turn               (no ring)

@: no status effects
A: strong-willed 1
a: no special abilities


You were in an ossuary.
You visited 2 branches of the dungeon, and saw 5 of its levels.
You also visited: Ossuary.

You collected 208 gold pieces.

Inventory:

Armour
 a - a +0 robe (worn)
 g - a +0 pair of gloves (worn)
 i - a +0 helmet (worn)
 o - a +0 cloak (worn)
Scrolls
 d - 3 scrolls of identify {unknown}
 h - a scroll of brand weapon {unknown}
 j - a scroll of fog {unknown}
 k - a scroll of fear {unknown}
 l - a scroll of immolation {unknown}
 m - a scroll of holy word {unknown}
Potions
 f - 2 potions of might


   Skills:
 - Level 2.4 Dodging
 - Level 2.4 Stealth
 * Level 12.3 Spellcasting
 + Level 7.2 Conjurations
 - Level 2.0 Hexes
 * Level 10.5 Fire Magic


You had 25 spell levels left.
You knew the following spells:

 Your Spells              Type           Power      Damage    Failure   Level
a - Foxfire               Conj/Fire      100%       2x1d9     1%          1
b - Scorch                Fire           100%       2d10      1%          2
c - Inner Flame           Hex/Fire       37%        N/A       1%          3

Your spell library contained the following spells:

 Spells                   Type           Power      Damage    Failure   Level
 Conjure Flame            Conj/Fire      47%        6-21      1%          3
 Flame Wave               Conj/Fire      47%        2d10      1%          4


Dungeon Overview and Level Annotations

Branches:
Dungeon (4/15)             Temple (1/1) D:4         Ossuary (1/1)

Altars:
Cheibriados
Elyvilon
Fedhas
Gozag
Hepliaklqana
Kikubaaqudgha
Nemelex Xobeh
Qazlal
Ru
Trog
Uskayaw
Xom
Zin

Annotations:
D:3 1 runed translucent door, KittyFluff's ghost, amateur GrBe


Innate Abilities, Weirdness & Mutations

You are strong-willed. (Will+)


Message History

The centaur zombie barely misses you.
The centaur zombie kicks you but does no damage.
The centaur zombie hits you.
* * * LOW HITPOINT WARNING * * *
The centaur zombie completely misses you.
It was a potion of mutation.
You feel extremely strange.
You feel strong-willed.
You feel agile.
You feel clumsy.
The centaur zombie barely misses you. x2
The centaur zombie hits you but does no damage.
The centaur zombie closely misses you. x2
The centaur zombie kicks you but does no damage.
Unknown command.
It was a potion of experience.
You feel more experienced!
Your Spellcasting skill gained 6 levels and is now at level 12!
Your Conjurations skill gained 4 levels and is now at level 7!
Your Fire Magic skill gained 5 levels and is now at level 10!
You have reached level 8!
You feel clever.
A centaur zombie comes into view.
The centaur zombie hits you but does no damage.
The centaur zombie closely misses you.
The centaur zombie hits you but does no damage.
The centaur zombie kicks you but does no damage.
The centaur zombie closely misses you. x2
Unknown command.
Unknown command.
It was a potion of cancellation.
Your magical effects are unravelling.
You feel magically purged.
You feel a little less mighty now.
The sentinel's mark upon you fades away.
The centaur zombie hits you but does no damage.
The centaur zombie closely misses you. The centaur zombie hits you.
* * * LOW HITPOINT WARNING * * *
The centaur zombie kicks you but does no damage.
The centaur zombie hits you but does no damage.
The centaur zombie misses you. The centaur zombie hits you.
You die...

####################
........∩∩.........#
.........Z.....Z...#
.Z##############Z..#
..# #...# ..# #...#
#...# ..####'....
#Z..# .Z#.....∩.#
#ZZ.# ..#.......#
#@..# .Z#.......#
#...#
Z.#.......####.#...#
..#.Z..Z..Z..ZZ#...#
..# #.Z# #...# ..#
#.^# #...# ..# #..#
#...#
..######..######...#
.....Z.ZM..........#


You could see a kobold zombie, an elf zombie and 3 centaur zombies.

Vanquished Creatures
  Sigmund (D:2)
  A sky beast (D:3)
  A wyvern skeleton (D:4)
  A human zombie (Ossuary)
  A centaur skeleton (D:4)
  An orc wizard (D:4)
  Robin (D:2)
  7 adders
  A worm (D:2)
  3 dart slugs
  5 orcs
  4 ball pythons
  7 endoplasms
  6 giant cockroaches
  14 goblins
  8 hobgoblins
  2 quokkas
  4 bats
  4 frilled lizards
  A goblin zombie (Ossuary)
  5 hobgoblin zombies (Ossuary)
  2 kobolds
  9 kobold zombies (Ossuary)
  6 orc zombies (Ossuary)
  A rat (D:2)
  A rat zombie (Ossuary)
97 creatures vanquished.

Vanquished Creatures (others)
  110 foxfires
110 creatures vanquished.

Grand Total: 207 creatures vanquished

Notes
Turn   | Place    | Note
-------+----------+-------------------------------------------
     0 | D:1      | Zeld the Deep Elf Fire Elementalist began the quest for the
                  | Orb.
     0 | D:1      | Reached XP level 1. HP: 10/10 MP: 6/6
   324 | D:1      | Reached XP level 2. HP: 15/15 MP: 1/8
   431 | D:1      | Learned a level 2 spell: Scorch
  1226 | D:1      | Reached XP level 3. HP: 17/19 MP: 7/10
  1230 | D:1      | Learned a level 3 spell: Inner Flame
  1728 | D:2      | Reached skill level 4 in Spellcasting
  1836 | D:2      | Noticed Sigmund
  1842 | D:2      | Killed Sigmund
  1843 | D:2      | Reached skill level 5 in Spellcasting
  1843 | D:2      | Reached skill level 1 in Hexes
  1843 | D:2      | Reached XP level 4. HP: 24/24 MP: 0/13
  1843 | D:2      | Reached XP level 5. HP: 28/28 MP: 0/14
  2207 | D:2      | Found a sparkling altar of Nemelex Xobeh.
  2362 | D:2      | Found a faded altar of an unknown god.
  2727 | D:2      | Noticed Robin
  2945 | D:2      | Killed Robin
  2946 | D:2      | Reached skill level 5 in Fire Magic
  3266 | D:3      | Noticed a sky beast
  3283 | D:3      | Killed a sky beast
  3284 | D:3      | Reached XP level 6. HP: 26/32 MP: 7/16
  3374 | D:3      | Reached skill level 6 in Spellcasting
  3939 | D:3      | Found a runed translucent door.
  3946 | D:3      | Noticed KittyFluff's ghost (amateur GrBe)
  4727 | D:4      | Found a staircase to the Ecumenical Temple.
  4734 | Temple   | Entered the Ecumenical Temple
  4933 | D:4      | Found a sand-covered staircase.
  4938 | Ossuary  | Entered an ossuary
  5156 | Ossuary  | Reached XP level 7. HP: 36/36 MP: 12/19
  5535 | Ossuary  | Gained mutation: You are strong-willed. (Will+) [potion of
                  | mutation]
  5535 | Ossuary  | Gained mutation: You are agile. (Dex +2) [potion of
                  | mutation]
  5535 | Ossuary  | Lost mutation: You are agile. (Dex +2) [potion of mutation]
  5536 | Ossuary  | Reached skill level 12 in Spellcasting
  5536 | Ossuary  | Reached skill level 10 in Fire Magic
  5536 | Ossuary  | Reached XP level 8. HP: 4/41 MP: 3/26
  5540 | Ossuary  | Slain by a centaur zombie

Illustrated notes

Levels and vault maps discovered:
D:1:      lightli_arrival_isolated_outpost, layout_basic
D:2:      layout_loops_corners, hellmonk_ecumenical_altar_leap_of_faith,
          basic_altar, uniq_sigmund, uniq_robin
D:3:      layout_loops_corners, ebering_ghost_sewer_d, minmay_close_crescents
D:4:      layout_basic, minmay_temple_entry_arrows,
          nicolae_ossuary_entry_false_entrances
Temple:   dshaligram_water_room_temple
Ossuary:  ossuary_tomb_1

Skill      XL: |  1  2  3  4  5  6  7 |
---------------+----------------------+-----
Spellcasting   | 5 6 12 | 12.3
Conjurations   | 2 3 7 |  7.2
Hexes          | 1 2 |  2.0
Fire Magic     | 4 5 10 | 10.5
Dodging        | |  2.4
Stealth        | |  2.4

Action                   |  1- 3 |  4- 6 |  7- 9 || total
-------------------------+-------+-------+-------++-------
Melee: Unarmed           |     7 |    12 |       ||    19
 Cast: Foxfire           |    69 |       |     1 ||    70
       Scorch            |    12 |    81 |    19 ||   112
  Use: Potion            |       |       |     5 ||     5
 Stab: Sleeping          |     1 |       |       ||     1
Armor: Robe              |     5 |    11 |    23 ||    39
Dodge: Dodged            |    11 |    35 |    44 ||    90
